AoeStats
← JUNWEI

Socotra

505786099Analyzed
2v2 RM · 20d ago on Sep 11, 2026· 56m 52s· 4 players
Game mode
Random Map
Map size
Tiny (2 player)
Population
200
Speed
Normal
Resources
Standard
Victory
Conquest
Starting age
Dark Age
Ending age
Imperial Age
RankedLock teamsTeams togetherTeam positionsShared explorationLock speedFull tech treeHidden civsTurbo modeCheats
Victory
Defeat
🇨🇱 Goths · Chile
1004
+10
🇨🇴 Franks · Colombia
796
+19
🇺🇸 Chinese · United States
877
-15
🇦🇷 Mongols · Argentina
851
-34
JUNWEI
2:06 Loom
12:09 Feudal Age
14:11 Wheelbarrow
14:10 Forging
15:36 Double-Bit Axe
16:33 Scale Mail Armor
15:57 Man-at-Arms
19:13 Fletching
27:07 Horse Collar
34:15 Padded Archer Armor
50:02 Castle Age
48:20 Stone Mining
49:00 Gold Mining
51:46 Gold Shaft Mining
Au_Goose
7:38 Loom
14:51 Feudal Age
15:17 Double-Bit Axe
15:17 Horse Collar
18:49 Wheelbarrow
17:59 Town Watch
22:53 Castle Age
27:43 Fletching
35:12 Town Patrol
37:52 Bodkin Arrow
37:58 Padded Archer Armor
40:12 Leather Archer Armor
41:08 Bow Saw
41:10 Heavy Plow
43:54 Ballistics
43:30 Murder Holes
45:40 Hand Cart
50:51 Imperial Age
51:31 Elite Chu Ko Nu
51:41 Elite Chu Ko Nu
53:54 Two-Man Saw
53:19 Bracer
PNAL | Kush
1:10 Loom
12:54 Feudal Age
13:50 Double-Bit Axe
13:47 Horse Collar
16:05 Man-at-Arms
17:07 Man-at-Arms
20:33 Scale Mail Armor
26:30 Forging
29:54 Castle Age
30:56 Chain Mail Armor
31:57 Wheelbarrow
31:38 Bow Saw
31:34 Squires
34:10 Iron Casting
39:55 Town Watch
42:46 Wheelbarrow
42:22 Heavy Plow
48:05 Imperial Age
47:33 Anarchy
50:40 Two-Man Saw
50:14 Crop Rotation
49:37 Gold Mining
51:28 Hand Cart
51:13 Town Patrol
53:29 Blast Furnace
53:13 Conscription
oswuil123
8:16 Loom
15:29 Feudal Age
17:12 Double-Bit Axe
18:12 Man-at-Arms
25:23 Gold Mining
33:58 Castle Age
32:52 Stone Mining
34:07 Town Watch
34:47 Scale Barding Armor
36:18 Gold Shaft Mining
35:46 Husbandry
37:33 Wheelbarrow
37:48 Bow Saw
38:58 Chain Barding Armor
39:08 Forging
38:38 Elite Skirmisher
39:56 Squires
43:34 Iron Casting
43:32 Ballistics
43:39 Hand Cart
43:28 Town Patrol
45:14 #83
51:07 Imperial Age
49:43 Padded Archer Armor
49:44 Scale Mail Armor
53:25 Chivalry
53:23 Capped Ram
56:23 Chemistry
55:11 Cavalier
Connection lost

Rejoining the realm…

Still unreachable

The connection could not be restored.

Session expired

The server has moved on; the page needs a fresh start.